[Event "FIDE WYCC Open U18 2023"]
[Site "Montesilvano"]
[Date "2023.11.14"]
[Round "2.5"]
[White "Eidelman, Gabriel"]
[Black "Ansat, Aldiyar"]
[Result "0-1"]
[ECO "A34"]
[WhiteElo "2284"]
[BlackElo "2418"]
[Annotator "ChessBase"]
[PlyCount "100"]
[EventDate "2023.11.13"]
[EventType "swiss"]
[EventCountry "ITA"]
[SourceTitle "playchess.com"]
[Source "ChessBase"]
[SourceQuality "1"]
[TimeControl "40/5400+30:1800+30"]

1. Nf3 Nf6 2. c4 c5 3. Nc3 d5 4. cxd5 Nxd5 5. e4 Nxc3 6. dxc3 Qxd1+ 7. Kxd1 Nc6 8. Be3 e6 9. Bb5 Bd7 10. a4 a6 11. Be2 b6 12. Kc2 f6 13. Nd2 Na5 14. Bh5+ g6 15. Be2 Bd6 16. Rhb1 Ke7 17. b4 cxb4 18. cxb4 Nc6 19. b5 Nb4+ 20. Kb3 e5 21. Nc4 Be6 22. Bxb6 Rab8 23. Be3 Rhc8 24. b6 a5 25. Rc1 Bc5 26. Kb2 Bxc4 27. Rxc4 Bxe3 28. fxe3 Rxc4 29. Bxc4 Rxb6 30. Kc3 Rc6 31. Kb3 Nc2 32. Kxc2 Rxc4+ 33. Kd3 Rb4 34. Ra2 h5 35. g3 g5 36. h3 Kf7 37. Ra1 Rb2 38. Rc1 Ra2 39. Rc4 Kg6 40. Rc2 Rxa4 41. h4 g4 42. Rb2 Ra1 43. Ke2 a4 44. Rc2 a3 45. Kd3 a2 46. Kc4 Kf7 47. Kc5 Ke6 48. Kc4 f5 49. exf5+ Kxf5 50. Kb3 Rg1 0-1

[Event "FIDE WYCC Open U18 2023"]
[Site "Montesilvano"]
[Date "2023.11.14"]
[Round "2.6"]
[White "Arfan, Aditya Bagus"]
[Black "Harshad S"]
[Result "1/2-1/2"]
[ECO "B90"]
[WhiteElo "2415"]
[BlackElo "2263"]
[Annotator "ChessBase"]
[PlyCount "107"]
[EventDate "2023.11.13"]
[EventType "swiss"]
[EventCountry "ITA"]
[SourceTitle "playchess.com"]
[Source "ChessBase"]
[SourceQuality "1"]
[TimeControl "40/5400+30:1800+30"]

1. e4 c5 2. Nf3 d6 3. d4 cxd4 4. Nxd4 Nf6 5. Nc3 a6 6. f3 e5 7. Nb3 Be6 8. Be3 Be7 9. Qd2 h5 10. Nd5 Nxd5 11. exd5 Bf5 12. Be2 a5 13. a4 Nd7 14. O-O O-O 15. f4 exf4 16. Bxf4 Nf6 17. Bd3 Bxd3 18. Qxd3 Nd7 19. Kh1 Rc8 20. Rae1 Re8 21. Re2 Bf8 22. Ref2 Qc7 23. h3 Nc5 24. Nxc5 Qxc5 25. b3 Rc7 26. Bc1 Re1 27. Rxe1 Qxf2 28. Bd2 Re7 29. Rxe7 Bxe7 30. Qe3 Qf1+ 31. Kh2 Bf6 32. Bc3 h4 33. Qe8+ Kh7 34. Qe4+ g6 35. Bxf6 Qxf6 36. Kg1 Kg7 37. Qe3 Qb2 38. Qd2 Qf6 39. Qe3 Qb2 40. Qe4 Qf6 41. Qc4 Kh7 42. c3 Qg5 43. Qd4 Qc1+ 44. Kf2 Qc2+ 45. Kf3 Qxb3 46. Qxh4+ Kg7 47. Qd4+ Kg8 48. Kf4 Qb1 49. g4 Qc1+ 50. Qe3 Qf1+ 51. Qf3 Qc1+ 52. Qe3 Qf1+ 53. Qf3 Qc1+ 54. Qe3 1/2-1/2

[Event "FIDE WYCC Open U18 2023"]
[Site "Montesilvano"]
[Date "2023.11.14"]
[Round "2.8"]
[White "Dreelinck, Adriaan"]
[Black "Davtyan, Arsen"]
[Result "0-1"]
[ECO "E11"]
[WhiteElo "2264"]
[BlackElo "2406"]
[Annotator "ChessBase"]
[PlyCount "136"]
[EventDate "2023.11.13"]
[EventType "swiss"]
[EventCountry "ITA"]
[SourceTitle "playchess.com"]
[Source "ChessBase"]
[SourceQuality "1"]
[TimeControl "40/5400+30:1800+30"]

1. d4 Nf6 2. c4 e6 3. g3 d5 4. Nf3 Bb4+ 5. Bd2 Be7 6. Bg2 O-O 7. O-O Nbd7 8. Qc2 c6 9. Rd1 b6 10. b3 a5 11. Bc3 Ne4 12. Bb2 Bb7 13. Nc3 f5 14. Nd2 Bd6 15. e3 Qg5 16. Nf1 Rae8 17. f3 Nef6 18. Re1 Qh5 19. Rad1 Bb8 20. Qe2 Ba6 21. Nd2 e5 22. f4 Qxe2 23. Rxe2 e4 24. Ba3 Rf7 25. Ree1 h6 26. Bf1 Bb7 27. cxd5 cxd5 28. Bb5 Re6 29. Rc1 g5 30. h3 Rg7 31. Kf2 Nf8 32. Bxf8 Kxf8 33. Na4 Nh5 34. Rg1 gxf4 35. gxf4 Nxf4 36. Rxg7 Kxg7 37. Rg1+ Ng6 38. h4 Kf6 39. h5 Ne7 40. Nb1 f4 41. exf4 Bxf4 42. Nbc3 Bg5 43. Rf1 Kg7 44. Ke2 Rf6 45. Bd7 Ba6+ 46. Bb5 Bb7 47. Bd7 Rxf1 48. Kxf1 Be3 49. Ne2 Ba6 50. Nxb6 Bxd4 51. Nc8 Kf6 52. Nd6 Bc5 53. Ne8+ Ke5 54. Nc7 Bd3 55. Ne6 Be3 56. Nf8 Kd6 57. Bg4 Nc6 58. Ne6 Ne5 59. Bh3 Nf3 60. Ng7 Nd4 61. Bg4 Ke5 62. Ke1 Nxe2 63. Bxe2 Bxe2 64. Kxe2 d4 65. a3 Bg5 66. Ne8 d3+ 67. Ke1 e3 68. b4 Bh4+ 0-1

[Event "FIDE WYCC Open U18 2023"]
[Site "Montesilvano"]
[Date "2023.11.14"]
[Round "2.9"]
[White "Liu, Casper"]
[Black "Colbow, Collin"]
[Result "1-0"]
[ECO "D35"]
[WhiteElo "2260"]
[BlackElo "2403"]
[Annotator "ChessBase"]
[PlyCount "101"]
[EventDate "2023.11.13"]
[EventType "swiss"]
[EventCountry "ITA"]
[SourceTitle "playchess.com"]
[Source "ChessBase"]
[SourceQuality "1"]
[TimeControl "40/5400+30:1800+30"]

1. c4 e6 2. Nc3 d5 3. d4 Nf6 4. cxd5 exd5 5. Bg5 Be7 6. e3 O-O 7. Bd3 Re8 8. Nf3 h6 9. Bf4 Nh5 10. Be5 Nc6 11. h3 Nxe5 12. dxe5 g6 13. Qc2 c6 14. O-O-O Qa5 15. Nd4 Bb4 16. Nb3 Qb6 17. Na4 Qd8 18. g4 Ng7 19. f4 a5 20. Nd4 Bd7 21. Nc5 Bxc5 22. Qxc5 a4 23. Rhg1 Ra5 24. Qd6 Qe7 25. Qxe7 Rxe7 26. Nf5 Re8 27. Nxh6+ Kf8 28. Rdf1 Ne6 29. f5 Nc5 30. Bc2 Kg7 31. fxg6 Kxh6 32. Rxf7 Ne4 33. Rxd7 Kxg6 34. Rxb7 Rxe5 35. h4 Rc5 36. Rf1 Re8 37. Rff7 Rh8 38. Rg7+ Kf6 39. h5 Ke5 40. Rg6 Re8 41. Rf7 Re6 42. Rf5+ Kd6 43. Kd1 Ng3 44. Rxe6+ Kxe6 45. Rf3 Ne4 46. Bxe4 dxe4 47. Rf5 Rc4 48. h6 Rb4 49. Rf2 Rb7 50. g5 Rh7 51. Kc2 1-0

[Event "FIDE WYCC Open U18 2023"]
[Site "Montesilvano"]
[Date "2023.11.14"]
[Round "2.10"]
[White "Meskenas, Paulius"]
[Black "Juhasz, Agoston"]
[Result "0-1"]
[ECO "B50"]
[WhiteElo "2261"]
[BlackElo "2401"]
[Annotator "ChessBase"]
[PlyCount "57"]
[EventDate "2023.11.13"]
[EventType "swiss"]
[EventCountry "ITA"]
[SourceTitle "playchess.com"]
[Source "ChessBase"]
[SourceQuality "1"]
[TimeControl "40/5400+30:1800+30"]

1. e4 c5 2. Nf3 d6 3. c3 Nf6 4. h3 Nc6 5. Bd3 g5 6. Nxg5 Rg8 7. Nf3 Rxg2 8. Bf1 Rg8 9. d3 e5 10. Bg5 h6 11. Bxf6 Qxf6 12. Nbd2 Be6 13. Be2 O-O-O 14. Qc2 d5 15. O-O-O Kb8 16. Kb1 d4 17. c4 Rg2 18. Rdf1 Ne7 19. h4 Ng6 20. h5 Nf4 21. Nh4 Rg8 22. Ndf3 Be7 23. Rh2 Bg4 24. Qd1 Qe6 25. Ng1 Bxh4 26. Rxh4 Nxe2 27. Nxe2 Qf6 28. Rhh1 Qf3 29. Qd2 0-1

[Event "FIDE WYCC Open U18 2023"]
[Site "Montesilvano"]
[Date "2023.11.14"]
[Round "2.11"]
[White "Dzida, Kamil"]
[Black "Schlegel, Igor"]
[Result "1-0"]
[ECO "B99"]
[WhiteElo "2399"]
[BlackElo "2251"]
[Annotator "ChessBase"]
[PlyCount "99"]
[EventDate "2023.11.13"]
[EventType "swiss"]
[EventCountry "ITA"]
[SourceTitle "playchess.com"]
[Source "ChessBase"]
[SourceQuality "1"]
[TimeControl "40/5400+30:1800+30"]

1. e4 c5 2. Nf3 d6 3. d4 cxd4 4. Nxd4 Nf6 5. Nc3 a6 6. Bg5 e6 7. f4 Be7 8. Qf3 Qc7 9. O-O-O Nbd7 10. g4 b5 11. Bxf6 Nxf6 12. g5 Nd7 13. f5 O-O 14. Rg1 b4 15. Nce2 e5 16. f6 exd4 17. fxe7 Re8 18. e5 Rb8 19. exd6 Qxd6 20. Nxd4 Ne5 21. Qg3 Bg4 22. Rd2 Qxe7 23. Be2 Bxe2 24. Rxe2 Qd7 25. Rd1 Nc4 26. b3 Nb6 27. Nf3 Qb5 28. Rde1 Nd5 29. Nd4 Qd7 30. Nf5 Nc3 31. Re7 Qb5 32. Nh6+ Kh8 33. Nxf7+ Kg8 34. Nh6+ Kh8 35. Nf7+ Kg8 36. Nh6+ Kh8 37. Rxe8+ Rxe8 38. Nf7+ Kg8 39. Nh6+ Kh8 40. Nf7+ Kg8 41. Nh6+ Kh8 42. Rxe8+ Qxe8 43. Qe5 Nxa2+ 44. Kd2 Qf8 45. Nf5 Nc3 46. Ke1 Kg8 47. Nd6 Qa8 48. Qe6+ Kh8 49. Nf7+ Kg8 50. Nd8+ 1-0

[Event "FIDE WYCC Open U18 2023"]
[Site "Montesilvano"]
[Date "2023.11.14"]
[Round "2.12"]
[White "Yoo, Eugene"]
[Black "Pasti, Aron"]
[Result "0-1"]
[ECO "E08"]
[WhiteElo "2247"]
[BlackElo "2397"]
[Annotator "ChessBase"]
[PlyCount "90"]
[EventDate "2023.11.13"]
[EventType "swiss"]
[EventCountry "ITA"]
[SourceTitle "playchess.com"]
[Source "ChessBase"]
[SourceQuality "1"]
[TimeControl "40/5400+30:1800+30"]

1. d4 Nf6 2. Nf3 d5 3. g3 e6 4. Bg2 Be7 5. O-O O-O 6. c4 c6 7. b3 b6 8. Bb2 Bb7 9. Qc2 Nbd7 10. Nc3 Ba6 11. Rfd1 Rc8 12. e4 dxc4 13. Nd2 e5 14. dxe5 Ng4 15. Bh3 h5 16. Nxc4 Bxc4 17. bxc4 Qc7 18. f4 Bc5+ 19. Kh1 Nf2+ 20. Kg2 Nxd1 21. Rxd1 Rcd8 22. e6 Nf6 23. Rxd8 Rxd8 24. e5 Ng4 25. Bxg4 hxg4 26. Ne4 Be7 27. f5 fxe6 28. f6 Bb4 29. a3 Qd7 30. axb4 Qd3 31. Qxd3 Rxd3 32. Kf2 a5 33. c5 Rb3 34. Bd4 Rxb4 35. Ke3 b5 36. Ng5 a4 37. Nxe6 a3 38. Ba1 gxf6 39. exf6 Rb1 40. Bc3 b4 41. Be5 Re1+ 42. Kf4 Rxe5 43. Kxe5 a2 44. Kd6 a1=Q 45. Ke7 Qa7+ 0-1

[Event "FIDE WYCC Open U18 2023"]
[Site "Montesilvano"]
[Date "2023.11.14"]
[Round "2.13"]
[White "Nguyen, Quoc Hy"]
[Black "Jiang, Qinyu"]
[Result "1/2-1/2"]
[ECO "A09"]
[WhiteElo "2392"]
[BlackElo "2247"]
[Annotator "ChessBase"]
[PlyCount "87"]
[EventDate "2023.11.13"]
[EventType "swiss"]
[EventCountry "ITA"]
[SourceTitle "playchess.com"]
[Source "ChessBase"]
[SourceQuality "1"]
[TimeControl "40/5400+30:1800+30"]

1. Nf3 d5 2. g3 Nf6 3. Bg2 c5 4. O-O Nc6 5. c4 d4 6. e3 e5 7. exd4 exd4 8. d3 Be7 9. Bf4 O-O 10. Ne5 Nxe5 11. Bxe5 Bd6 12. Bxf6 Qxf6 13. Nd2 Rb8 14. Bd5 Qg6 15. Re1 Kh8 16. Qa4 a6 17. Ne4 Be7 18. Rab1 f5 19. Nd2 Bd6 20. Qa5 b6 21. Qa4 f4 22. Ne4 b5 23. cxb5 axb5 24. Qa7 Bf5 25. Qa6 Bxe4 26. Bxe4 Qf6 27. Rf1 Qh6 28. Rbe1 Rf6 29. Qa7 Rbf8 30. Qd7 fxg3 31. hxg3 Qd2 32. b3 Qxa2 33. Ra1 Qd2 34. Ra7 Qg5 35. Ra8 Rxa8 36. Bxa8 c4 37. bxc4 bxc4 38. Qd8+ Bf8 39. Qxd4 Qa5 40. Qd5 Qxd5 41. Bxd5 cxd3 42. Rd1 Bc5 43. Rd2 g5 44. Be4 1/2-1/2

[Event "FIDE WYCC Open U18 2023"]
[Site "Montesilvano"]
[Date "2023.11.14"]
[Round "2.14"]
[White "Kienboeck, Benjamin"]
[Black "Ilamparthi A R"]
[Result "0-1"]
[ECO "B80"]
[WhiteElo "2228"]
[BlackElo "2385"]
[Annotator "ChessBase"]
[PlyCount "36"]
[EventDate "2023.11.13"]
[EventType "swiss"]
[EventCountry "ITA"]
[SourceTitle "playchess.com"]
[Source "ChessBase"]
[SourceQuality "1"]
[TimeControl "40/5400+30:1800+30"]

1. e4 c5 2. Nf3 d6 3. d4 cxd4 4. Nxd4 Nf6 5. Nc3 a6 6. f3 e6 7. Be3 b5 8. Qd2 Nbd7 9. O-O-O h5 10. Bg5 Bb7 11. g3 b4 12. Nd5 exd5 13. exd5 Be7 14. Nf5 O-O 15. Re1 Re8 16. Rxe7 Rxe7 17. Bh3 Re5 18. Nxg7 Ne4 0-1

[Event "FIDE WYCC Open U18 2023"]
[Site "Montesilvano"]
[Date "2023.11.14"]
[Round "2.15"]
[White "Loftgaard, Mikkel Vinh"]
[Black "Novosel, Lovro"]
[Result "1-0"]
[ECO "B51"]
[WhiteElo "2225"]
[BlackElo "2375"]
[Annotator "ChessBase"]
[PlyCount "239"]
[EventDate "2023.11.13"]
[EventType "swiss"]
[EventCountry "ITA"]
[SourceTitle "playchess.com"]
[Source "ChessBase"]
[SourceQuality "1"]
[TimeControl "40/5400+30:1800+30"]

1. e4 c5 2. Nf3 d6 3. Bb5+ Nd7 4. d4 cxd4 5. Qxd4 a6 6. Bxd7+ Bxd7 7. O-O e5 8. Qd3 Rc8 9. Nc3 h6 10. a4 Nf6 11. Be3 Be7 12. Nd2 Qc7 13. Rfd1 O-O 14. a5 Be6 15. Bb6 Qc6 16. Nf1 Nd7 17. Ne3 Nxb6 18. axb6 Rfe8 19. Ncd5 Bd8 20. Nc7 Bxc7 21. bxc7 Qxc7 22. Qxd6 Qxd6 23. Rxd6 Red8 24. Rxd8+ Rxd8 25. Rd1 Rc8 26. g3 f6 27. f4 exf4 28. gxf4 Kf8 29. f5 Bf7 30. Rd7 Re8 31. Rxb7 Rxe4 32. Kf2 Bh5 33. Rb8+ Kf7 34. Rb7+ Kf8 35. c4 Rf4+ 36. Kg2 Rf3 37. Rb3 Ke8 38. Rd3 Rf4 39. c5 Be2 40. Rc3 Bb5 41. c6 Rb4 42. c7 Rxb2+ 43. Kg3 Bd7 44. c8=Q+ Bxc8 45. Rxc8+ Kf7 46. Rc7+ Kf8 47. Nd5 Rb5 48. Ne7 Ke8 49. Kg4 h5+ 50. Kf4 Rb4+ 51. Kg3 Rb5 52. h4 a5 53. Ng6 a4 54. Rxg7 Ra5 55. Re7+ Kd8 56. Re2 Rxf5 57. Nf4 Rb5 58. Ne6+ Kd7 59. Nd4 Rd5 60. Nf3 a3 61. Kf4 Ra5 62. Ra2 Kd6 63. Ne1 Ra4+ 64. Kg3 Ke5 65. Nc2 Rg4+ 66. Kh3 Rc4 67. Nxa3 Rc3+ 68. Kg2 Kf4 69. Nb5 Rg3+ 70. Kh2 Rg4 71. Ra4+ Kf3 72. Ra3+ Kf4 73. Kh3 Rg1 74. Ra4+ Ke3 75. Nd4 Rf1 76. Nc2+ Kf3 77. Ra3+ Kf4 78. Kg2 Rb1 79. Ra4+ Kf5 80. Ne3+ Kg6 81. Nf1 Rb5 82. Ng3 Rb2+ 83. Kh3 Rb3 84. Rf4 Ra3 85. Kg2 Ra2+ 86. Rf2 Ra4 87. Nf5 Rg4+ 88. Kh3 Re4 89. Rf3 Re5 90. Ne3 Ra5 91. Ng2 Rb5 92. Nf4+ Kf7 93. Ra3 Kg7 94. Ra7+ Kg8 95. Ne2 Rb3+ 96. Ng3 Rb5 97. Rd7 Ra5 98. Re7 Rb5 99. Kg2 Rb4 100. Re4 Rb5 101. Rf4 Kg7 102. Rf5 Rb4 103. Rxh5 Kg6 104. Kh3 Rb3 105. Ra5 Rc3 106. h5+ Kh6 107. Rf5 Rc6 108. Kg4 Rc4+ 109. Rf4 Rc6 110. Nf5+ Kh7 111. Ra4 Rc7 112. Nd6 Rg7+ 113. Kh4 Rd7 114. Ne8 Rd1 115. Nxf6+ Kg7 116. Ng4 Rd7 117. Ra5 Rb7 118. Kg5 Kh7 119. Nf6+ Kh8 120. Ra8+ 1-0

[Event "FIDE WYCC Open U18 2023"]
[Site "Montesilvano"]
[Date "2023.11.14"]
[Round "2.16"]
[White "Krivenko, Dion"]
[Black "Olsson, William"]
[Result "0-1"]
[ECO "C28"]
[WhiteElo "2218"]
[BlackElo "2372"]
[Annotator "ChessBase"]
[PlyCount "102"]
[EventDate "2023.11.13"]
[EventType "swiss"]
[EventCountry "ITA"]
[SourceTitle "playchess.com"]
[Source "ChessBase"]
[SourceQuality "1"]
[TimeControl "40/5400+30:1800+30"]

1. e4 e5 2. Bc4 Nc6 3. Nc3 Bc5 4. d3 Nf6 5. h3 a6 6. Bg5 h6 7. Bh4 b5 8. Bb3 g5 9. Bg3 d6 10. a4 b4 11. Nd5 Nd4 12. Bc4 Nxd5 13. Bxd5 c6 14. Ba2 b3 15. Bxb3 Nxb3 16. cxb3 Qa5+ 17. Kf1 Be6 18. Nf3 Qb4 19. Nd2 Rb8 20. Rc1 f6 21. h4 Ke7 22. Rc3 Qb7 23. Nc4 Qc7 24. Ke2 g4 25. h5 Bd4 26. Rc1 c5 27. Rh4 Rb4 28. Kf1 Qd8 29. Rxg4 Bxg4 30. Qxg4 Qg8 31. Qd1 Qg5 32. Na5 Kd7 33. Rc2 Rf8 34. Qf3 Rb6 35. Ke2 f5 36. exf5 Qxf5 37. Rd2 Qxf3+ 38. gxf3 Rf5 39. Rd1 d5 40. Rc1 Rxh5 41. f4 exf4 42. Bxf4 Re6+ 43. Kf3 Rf5 44. Kg4 Ref6 45. Be3 Bxe3 46. fxe3 Rg5+ 47. Kh3 Rf3+ 48. Kh2 Rxe3 49. Nb7 Re7 50. Nxc5+ Kd6 51. Nxa6 Reg7 0-1

[Event "FIDE WYCC Open U18 2023"]
[Site "Montesilvano"]
[Date "2023.11.14"]
[Round "2.17"]
[White "Mayank Chakraborty"]
[Black "Vaupot, Luka"]
[Result "1-0"]
[ECO "D78"]
[WhiteElo "2368"]
[BlackElo "2216"]
[Annotator "ChessBase"]
[PlyCount "273"]
[EventDate "2023.11.13"]
[EventType "swiss"]
[EventCountry "ITA"]
[SourceTitle "playchess.com"]
[Source "ChessBase"]
[SourceQuality "1"]
[TimeControl "40/5400+30:1800+30"]

1. d4 Nf6 2. c4 g6 3. g3 c6 4. Bg2 d5 5. Nf3 Bg7 6. O-O O-O 7. Qb3 Qb6 8. Nc3 Rd8 9. c5 Qxb3 10. axb3 Na6 11. Ne5 Nb8 12. Nf3 Na6 13. Ne5 Nb8 14. Nf3 Na6 15. Ne5 Nb8 16. Nf3 Na6 17. Ne5 Nd7 18. Nf3 Nf6 19. Ne5 Nd7 20. Nf3 Nf6 21. Ne5 Nd7 22. Nf3 Nf6 23. Ne5 Nd7 24. Nf3 Nf6 25. Ne5 Nd7 26. Nf3 Nf6 27. Ne5 Nd7 28. Nf3 Nf6 29. Ne5 Nd7 30. Rxa6 Bxe5 31. Ra4 Bg7 32. Ra1 Be5 33. Ra4 Bg7 34. Ra6 Be5 35. Ra4 Bg7 36. Ra6 Be5 37. Ra4 Bg7 38. Bg5 f6 39. Bd2 e5 40. e3 a6 41. b4 Rb8 42. Ne2 Ra8 43. Nc3 Rb8 44. Ne2 Nf8 45. Nc3 Nd7 46. Ne2 Nf8 47. Bc3 Nd7 48. Bd2 Nf8 49. Bc3 Bf5 50. Re1 Bc8 51. Rf1 Bf5 52. Re1 Ne6 53. Rf1 Nf8 54. Re1 Ne6 55. Rf1 Nf8 56. Re1 Ne6 57. Rf1 Nf8 58. Re1 Ne6 59. Raa1 Bd3 60. Nc1 Bc4 61. Ne2 Bd3 62. Nc1 Bc4 63. Ne2 Bd3 64. Nc1 Bc4 65. Bf1 Bxf1 66. Kxf1 Re8 67. Nb3 Red8 68. Nc1 Re8 69. Nb3 Re7 70. Nc1 Ree8 71. Nb3 Re7 72. Nc1 Ree8 73. Nb3 Re7 74. f4 Nc7 75. Nd2 Ne6 76. Nb3 Nc7 77. Nd2 Rbe8 78. Nf3 exf4 79. exf4 Re4 80. Nd2 Rxe1+ 81. Rxe1 Rxe1+ 82. Kxe1 Nb5 83. Nb3 f5 84. Kd2 Bf6 85. Na5 Bg7 86. Nb3 Bf6 87. Na5 Bg7 88. Nb3 Bf6 89. Na5 Bg7 90. Nb3 Bf6 91. Na5 Bg7 92. Nb3 Bf6 93. Na5 Bg7 94. Nb3 Bf6 95. Na5 Bg7 96. Nb3 Bf6 97. Na5 Bxd4 98. Nxb7 Bg1 99. Ke2 Bd4 100. Kd2 Bg1 101. Ke2 Bd4 102. Kd3 Bg1 103. Ke2 Bd4 104. Kd3 Bg1 105. Ke2 Bd4 106. Kd3 Bg1 107. Ke2 Bd4 108. Kd3 Bg1 109. Ke2 Bd4 110. Kd3 Bg1 111. Ke2 Bd4 112. Kd3 Bg1 113. Na5 d4 114. Be1 Na7 115. Bc3 Nb5 116. Be1 Na7 117. Nc4 Kf7 118. Ne5+ Kg8 119. Nc4 Kf7 120. Ne5+ Ke7 121. Nf3 Be3 122. Ne5 Bg1 123. Nf3 Be3 124. Bd2 Bxd2 125. Kxd2 Nb5 126. Kd3 Kd7 127. Ng5 Ke7 128. Nf3 Kd7 129. Ng5 h6 130. Nf3 Ke6 131. Kc4 g5 132. fxg5 hxg5 133. Nxg5+ Ke5 134. Kd3 f4 135. Nf3+ Kf5 136. Nxd4+ Kg4 137. gxf4 1-0

[Event "FIDE WYCC Open U18 2023"]
[Site "Montesilvano"]
[Date "2023.11.14"]
[Round "2.18"]
[White "Mierins, Emils Janis"]
[Black "Manish Anto Cristiano F"]
[Result "1-0"]
[ECO "E11"]
[WhiteElo "2208"]
[BlackElo "2366"]
[Annotator "ChessBase"]
[PlyCount "190"]
[EventDate "2023.11.13"]
[EventType "swiss"]
[EventCountry "ITA"]
[SourceTitle "playchess.com"]
[Source "ChessBase"]
[SourceQuality "1"]
[TimeControl "40/5400+30:1800+30"]

1. d4 Nf6 2. c4 e6 3. Nf3 d5 4. g3 Bb4+ 5. Bd2 a5 6. Bg2 O-O 7. O-O dxc4 8. Qc2 b5 9. a4 Bxd2 10. Nfxd2 Ra7 11. Nf3 Ra8 12. Nfd2 Ra7 13. axb5 Qxd4 14. Nxc4 Qd6 15. Ncd2 Qd4 16. Nc4 Bd7 17. Qb3 Bc8 18. Qc2 Bd7 19. Qb3 Qc5 20. Qc2 Qd4 21. Qb3 Qc5 22. Nc3 Qd4 23. Nb1 Qc5 24. Nc3 Nd5 25. Nb1 Nf6 26. Nc3 Nd5 27. Nb1 Nf6 28. Nc3 Nd5 29. Nb1 Nf6 30. Nc3 Nd5 31. Nb1 Nf6 32. Nc3 Nd5 33. Rfb1 Nf6 34. Rf1 Nd5 35. Rfb1 Nf6 36. Rf1 Nd5 37. Rfb1 Nf6 38. Rf1 Nd5 39. Rfb1 c6 40. b6 Ra6 41. Na4 Qb5 42. Qc2 Nb4 43. Qb3 Nd5 44. Qc2 Nb4 45. Qc3 Nd5 46. Qc2 Nb4 47. Qc3 Nd5 48. Qc2 Nb4 49. Qc3 Nd5 50. Qc2 Nb4 51. Qc3 Nd5 52. Qd4 Nb4 53. Qc3 Nd5 54. Qd4 e5 55. Nxe5 Be6 56. e4 Qb4 57. Qxb4 Nxb4 58. Bf1 Ra8 59. Nc5 Re8 60. Na4 Rf8 61. Nc5 Re8 62. Rd1 Rf8 63. Rdb1 Re8 64. Rd1 Kf8 65. Nxe6+ fxe6 66. Ra4 Ke7 67. Rda1 Nd7 68. b7 Rab8 69. Rxb4 axb4 70. Nxc6+ Kd6 71. Nxb8 Rxb8 72. e5+ Nxe5 73. Bg2 Nd7 74. Rd1+ Ke7 75. Rc1 Kd6 76. Rd1+ Ke7 77. Rc1 Nb6 78. Rc7+ Kf6 79. Kf1 Nd7 80. Kg1 Nb6 81. Kf1 Nd7 82. Kg1 Nb6 83. Kf1 Nd5 84. Bxd5 exd5 85. Ke2 h5 86. h4 g5 87. hxg5+ Kxg5 88. Kd3 Kf6 89. Kd4 Ke6 90. Rc6+ Kd7 91. Rb6 Kc7 92. Rc6+ Kd7 93. Rb6 Kc7 94. Rxb4 Rxb7 95. Rxb7+ Kxb7 1-0

[Event "FIDE WYCC Open U18 2023"]
[Site "Montesilvano"]
[Date "2023.11.14"]
[Round "2.19"]
[White "Silva, Pedro Gil Ferreira D"]
[Black "Wong, Zhenyong Jayden"]
[Result "0-1"]
[ECO "A33"]
[WhiteElo "2203"]
[BlackElo "2356"]
[Annotator "ChessBase"]
[PlyCount "242"]
[EventDate "2023.11.13"]
[EventType "swiss"]
[EventCountry "ITA"]
[SourceTitle "playchess.com"]
[Source "ChessBase"]
[SourceQuality "1"]
[TimeControl "40/5400+30:1800+30"]

1. c4 c5 2. Nf3 Nc6 3. d4 cxd4 4. Nxd4 Nf6 5. Nc3 e6 6. a3 Bc5 7. Nb3 Bb6 8. c5 Bc7 9. g3 O-O 10. Bg2 b6 11. O-O Be5 12. Qc2 Ba6 13. Rd1 Rc8 14. Rf1 Ra8 15. Rd1 Rc8 16. Rf1 Ra8 17. Rd1 Rc8 18. Rf1 Ra8 19. Rd1 Rc8 20. Rf1 Ra8 21. Rd1 Rc8 22. Rf1 Ra8 23. Rd1 Rc8 24. Rf1 Ra8 25. Rd1 Rc8 26. Rf1 Ra8 27. Rd1 Rc8 28. Rf1 Ra8 29. Rd1 Rc8 30. Rf1 Ra8 31. Rd1 Rc8 32. Be3 Ng4 33. Qd2 Nf6 34. Qc2 Ng4 35. Qd2 Nf6 36. Qc2 Ng4 37. Qd2 Nf6 38. Qc2 Ng4 39. Qd2 Bc4 40. Nd4 Ba6 41. Nb3 Bc4 42. Nd4 Nxd4 43. Bxd4 Bb3 44. Be3 Bc4 45. Bd4 Bb3 46. Rdc1 bxc5 47. Bxe5 Nxe5 48. Ne4 Qb6 49. Nc3 Qd8 50. Ne4 Qb6 51. Nc3 Qd8 52. Ne4 Qb6 53. Qg5 Qd8 54. Qd2 Qb6 55. Qg5 Qd8 56. Qd2 Qb6 57. Qg5 d6 58. Rc3 f6 59. Qe3 Bd5 60. Qg5 Bb3 61. Qe3 Bd5 62. Rac1 Bxe4 63. Qxe4 d5 64. Qc2 c4 65. e3 Rfd8 66. Rb1 Rf8 67. Rc1 Rfd8 68. Rb1 Rf8 69. Rc1 Rfd8 70. Rb1 d4 71. exd4 Qxd4 72. b3 cxb3 73. Rbxb3 Rxc3 74. Rxc3 Ng4 75. Rc8 Rxc8 76. Qxc8+ Kf7 77. Qc7+ Kg6 78. Qc2+ f5 79. h3 Qa1+ 80. Bf1 Qd4 81. Bg2 Qa1+ 82. Bf1 Nf6 83. Qb3 Qe1 84. Qc2 Qa1 85. Qb3 Qe1 86. Qa4 a5 87. Qb5 e5 88. a4 e4 89. Qe5 e3 90. Qxe3 Qxe3 91. fxe3 Ne4 92. Kg2 Kf6 93. Kg1 Kg6 94. Kg2 Kf6 95. Bd3 Ke5 96. Bc2 Kf6 97. Bd3 Ke5 98. Bc2 g5 99. Kf3 Nf6 100. g4 fxg4+ 101. hxg4 h6 102. Bd3 Nd5 103. Bb5 Nc3 104. Be8 Kd6 105. Kf2 Ke5 106. Kf3 Kd6 107. Kf2 Ne4+ 108. Kf3 Nc3 109. Kf2 Ke5 110. Kf3 Kd6 111. Kf2 Ne4+ 112. Kf3 Nc3 113. Kf2 Kc5 114. Kf3 Kc4 115. Bb5+ Kc5 116. Be8 Kc4 117. Bf7+ Kb4 118. Be8 Nxa4 119. Ke4 Nc5+ 120. Kf5 a4 121. Bf7 Nb3 0-1

[Event "FIDE WYCC Open U18 2023"]
[Site "Montesilvano"]
[Date "2023.11.14"]
[Round "2.20"]
[White "Popov, Konstantin"]
[Black "Otero Marino, Alain"]
[Result "1-0"]
[ECO "C80"]
[WhiteElo "2345"]
[BlackElo "2204"]
[Annotator "ChessBase"]
[PlyCount "69"]
[EventDate "2023.11.13"]
[EventType "swiss"]
[EventCountry "ITA"]
[SourceTitle "playchess.com"]
[Source "ChessBase"]
[SourceQuality "1"]
[TimeControl "40/5400+30:1800+30"]

1. e4 e5 2. Nf3 Nc6 3. Bb5 a6 4. Ba4 Nf6 5. O-O Nxe4 6. d4 b5 7. Bb3 d5 8. dxe5 Be6 9. Nbd2 Nc5 10. c3 d4 11. Bxe6 Nxe6 12. cxd4 Ncxd4 13. Ne4 Qd5 14. Nxd4 Nxd4 15. Nc3 Qd7 16. Be3 Rd8 17. Ne4 Ra8 18. Nc3 Rd8 19. Bxd4 Qxd4 20. Qf3 Qc5 21. Qd1 Qd4 22. Qf3 Qc5 23. Ne4 Qd4 24. Nc3 Qc5 25. Ne4 Qxe5 26. Rfe1 Be7 27. Ng3 Qd5 28. Qg4 g6 29. Rad1 Qc6 30. Rxd8+ Kxd8 31. Qd4+ Ke8 32. Qg4 Kd8 33. Qd4+ Ke8 34. Qg4 Kd8 35. Qd4+ 1-0

[Event "FIDE WYCC Open U18 2023"]
[Site "Montesilvano"]
[Date "2023.11.14"]
[Round "2.21"]
[White "Chinguun Bayaraa"]
[Black "Krallis, Christos"]
[Result "0-1"]
[ECO "D32"]
[WhiteElo "2193"]
[BlackElo "2339"]
[Annotator "ChessBase"]
[PlyCount "88"]
[EventDate "2023.11.13"]
[EventType "swiss"]
[EventCountry "ITA"]
[SourceTitle "playchess.com"]
[Source "ChessBase"]
[SourceQuality "1"]
[TimeControl "40/5400+30:1800+30"]

1. d4 d5 2. Nf3 Nf6 3. c4 e6 4. Nc3 c5 5. cxd5 exd5 6. Bg5 Be6 7. g3 h6 8. Bxf6 Qxf6 9. Qb3 cxd4 10. Nb5 Na6 11. a3 d3 12. Qxd3 Qxb2 13. Rb1 Qf6 14. Bg2 Be7 15. Nc3 Nc5 16. Qb5+ Kf8 17. Rc1 d4 18. Nb1 Bd7 19. Qc4 Bc6 20. O-O Rd8 21. Rfd1 d3 22. Ne1 Ba4 23. Nxd3 b5 24. Qg4 Bxd1 25. Nxc5 Qb2 26. Nd7+ Rxd7 27. Rc8+ Rd8 28. Qd7 Qf6 29. Rxd8+ Bxd8 30. Qxd1 Bb6 31. Qd7 Bd8 32. Qd1 Bb6 33. Bf3 g5 34. e3 Kg7 35. Kg2 Qb2 36. Be4 Bxe3 37. Qf3 Bb6 38. Nc3 Qxa3 39. Bd5 Rf8 40. Be4 b4 41. Qf5 Qxc3 42. Qh7+ Kf6 43. Qxh6+ Ke7 44. Qxg5+ Qf6 0-1